 Dungeon Crawl Stone Soup version 0.32-a0-694-g5251a91 (webtiles) character file.

Game seed: 2508894165853504594

175858 Toastz the Brawler (level 17, -3/140 HPs)
             Began as a Grey Draconian Shapeshifter on Mar 12, 2024.
             Was the Champion of Hepliaklqana.
             Slain by a merfolk impaler
             ... wielding a +3 trident of flaming
              (4 damage)
             ... on level 4 of the Shoals.
             The game lasted 01:14:33 (32968 turns).

Toastz the Brawler (Grey Draconian Shapeshifter)   Turns: 32968, Time: 01:14:33

Health: -3/140     AC: 26    Str: 23    XL:     17   Next: 49%
Magic:  0/31       EV: 17    Int: 12    God:    Hepliaklqana [******]
Gold:   713        SH:  4    Dex: 13    Spells: 16/16 levels left

rFire   . .          .
                       - Unarmed
rCold   . . .        T - +0 buckler
rNeg    . . .        (body armour unavailable)
rPois   +            Z - +3 crown of Dyrovepreva {rElec Int+2 SInv}
rElec   +            v - +2 cloak {rCorr}
rCorr   +            K - +2 pair of gloves
SInv    +            E - +2 pair of boots {rampage}
Will    +....        k - amulet of guardian spirit
Stlth   +            S - ring of magical power
HPRegen 0.43/turn    z - ring of poison resistance
MPRegen 0.22/turn

%: guardian spirit, rampage
@: maw-form, glowing
A: devouring maw, reduced essence, mud breath, mud-swimmer, AC +14, amphibious,
unfitting armour, cold-blooded
a: Mud Breath, Begin Untransformation, Renounce Religion, Recall Ancestor,
Ancestor Identity, Transference, Idealise


You were on level 4 of the Shoals.
You worshipped Hepliaklqana.
Hepliaklqana was exalted by your worship.
You were a creature with a mouth for a stomach.
You visited 6 branches of the dungeon, and saw 28 of its levels.
You also visited: Ice Cave.

You collected 2487 gold pieces.
You spent 1774 gold pieces at shops.

Inventory:

Missiles
 y - 7 throwing nets
 L - 7 curare-tipped darts
 N - 7 darts of dispersal
Armour
 v - a +2 cloak of preservation (worn)
 E - a +2 pair of boots of rampaging (worn)
 K - a +2 pair of gloves (worn)
 T - a +0 buckler (worn)
 Z - the +3 crown of Dyrovepreva (worn) {rElec Int+2 SInv}
   (You bought it in a shop on level 2 of the Orcish Mines)

   Int+2:     It affects your intelligence (+2).
   rElec:     It insulates you from electricity.
   SInv:      It lets you see invisible.
Jewellery
 k - an amulet of guardian spirit (around neck)
 r - a ring of positive energy
 z - a ring of poison resistance (right hand)
 P - an amulet of the acrobat
 R - a ring of resist corrosion
 S - a ring of magical power (left hand)
 V - a ring of flight
 W - a ring of fire
Talismans
 A - a maw talisman (active)
Wands
 e - a wand of polymorph (3)
 p - a wand of warping (16) (quivered)
 q - a wand of digging (11)
 H - a wand of quicksilver (10)
 J - a wand of mindburst (31)
 Y - a wand of charming (11)
Scrolls
 c - a scroll of amnesia {unknown}
 d - 2 scrolls of torment
 g - 4 scrolls of silence {unknown}
 j - 5 scrolls of vulnerability
 m - 4 scrolls of fear
 n - 2 scrolls of fog
 o - 3 scrolls of revelation
 t - 7 scrolls of immolation
 x - 6 scrolls of poison
 C - 2 scrolls of butterflies
 D - 5 scrolls of teleportation
Potions
 a - 4 potions of lignification
 b - 2 potions of ambrosia {unknown}
 f - 2 potions of berserk rage
 h - 6 potions of heal wounds
 l - a potion of cancellation
 u - 3 potions of invisibility
 w - 6 potions of mutation
 B - 5 potions of resistance
 F - 5 potions of magic
 G - 6 potions of might
 I - 2 potions of attraction
 M - 6 potions of haste
 O - 5 potions of curing
 U - 4 potions of enlightenment {unknown}
Miscellaneous
 i - a phantom mirror
 s - a condenser vane
 Q - a phial of floods
 X - a sack of spiders


   Skills:
 + Level 15.5 Fighting
 + Level 13.3 Dodging
 * Level 18.8 Unarmed Combat
 - Level 7.0 Invocations
 - Level 5.0 Evocations
 + Level 14.8 Shapeshifting


You had 16 spell levels left.
You didn't know any spells.
Your spell library contained the following spells:

 Spells                   Type           Power      Damage    Failure   Level
 Magic Dart               Conj           0%         1d3       38%         1
 Shock                    Conj/Air       0%         1d3       38%         1
 Slow                     Hex            0%         N/A       38%         1
 Summon Small Mammal      Summ           0%         N/A       38%         1
 Blink                    Tloc           0%         N/A       52%         2
 Call Imp                 Summ           0%         N/A       52%         2
 Static Discharge         Conj/Air       0%         3-3/arc   52%         2
 Call Canine Familiar     Summ           0%         N/A       77%         3
 Confusing Touch          Hex            0%         N/A       77%         3
 Dazzling Flash           Conj/Hex       0%         N/A       77%         3
 Swiftness                Air            0%         N/A       77%         3
 Vampiric Draining        Necr           0%         2d6       77%         3
 Airstrike                Air            0%         2d(0-16)  99%         4
 Animate Dead             Necr           0%         N/A       99%         4
 Summon Blazeheart Golem  Fire/Summ      0%         N/A       99%         4
 Summon Lightning Spire   Summ/Air       0%         N/A       99%         4
 Borgnjor's Vile Clutch   Necr/Erth      0%         N/A       100%        5
 Death Channel            Necr           0%         N/A       100%        6
 Sculpt Simulacrum        Ice/Alch       0%         N/A       100%        6
 Starburst                Conj/Fire      0%         6d3       100%        6
 Ozocubu's Refrigeration  Ice            0%         4d7       100%        7
 Maxwell's Capacitive Co  Air            0%         ∞         100%        8
 Polar Vortex             Ice            0%         N/A       100%        9


Dungeon Overview and Level Annotations

Branches:
Dungeon (15/15)            Temple (1/1) D:7            Lair (5/5) D:8
 Shoals (4/4) Lair:3        Snake (1/4) Lair:3        Slime (0/5) Lair:4
    Orc (2/2) D:10            Elf (0/3) Orc:2        Vaults (0/5) D:14
 Depths (0/4) D:15          IceCv (visited)

Altars:
Ashenzari
Cheibriados
Dithmenos
Elyvilon
Fedhas
Gozag
Hepliaklqana
Kikubaaqudgha
Makhleb
Nemelex Xobeh
Okawaru
Qazlal
Ru
Sif Muna
Trog
Uskayaw
Vehumet
Wu Jian
Xom
Yredelemnul
Zin
The Shining One
Beogh
Jiyva

Shops:
D:3 *   D:7 :   D:8 [   D:11 *   D:13 *   Orc:2 [[(*!   Shoals:1 *

Annotations:
Shoals:3 Mlioglotl


Innate Abilities, Weirdness & Mutations

You are a creature with a mouth for a stomach.
Your midsection houses a second, enormous mouth.
Your life essence is reduced to manifest your ancestor. (-10% HP)
You can breathe torrents of mud.
You are unimpeded by mud.
Your dull iron-grey scales are very hard. (AC +14)
You are amphibious.
You cannot fit into any form of body armour.
You are cold-blooded and may be slowed by cold attacks.


Message History

The cherub hits Kes Myre with a +3 falchion of flaming.
The cherub headbutts Kes Myre.
The angel hits you with a +1 whip of holy wrath!!
The angel hits you but does no damage.
A merfolk javelineer comes into view. It is wielding a staff of air.
You closely miss the cherub. You tail-slap the cherub.
You bite the cherub, but do no damage.
The cherub is heavily wounded.
The merfolk impaler closely misses you.
Kes Myre hits the cherub with a +0 quarterstaff.
The angel hits you but does no damage.
The angel hits you with a +1 whip of holy wrath!
You catch the helpless cherub completely off-guard!
You pummel the cherub!! You bite the cherub, but do no damage.
The cherub is almost dead.
The cherub barely misses you.
The cherub gores you but does no damage.
The merfolk impaler hits you from afar with a +3 trident of flaming.
The merfolk impaler burns you.
* * * LOW HITPOINT WARNING * * *
The angel hits you with a +1 whip of holy wrath!!
* * * LOW HITPOINT WARNING * * *
The angel hits you with a +1 whip of holy wrath.
* * * LOW HITPOINT WARNING * * *
You pummel the cherub!!
You kill the cherub!
Kes Myre gestures at the angel while chanting.
The bolt of magma misses the angel.
The merfolk impaler hits you from afar with a +3 trident of flaming.
* * * LOW HITPOINT WARNING * * *
The merfolk impaler burns you.
* * * LOW HITPOINT WARNING * * *
The angel hits you with a +1 whip of holy wrath.
* * * LOW HITPOINT WARNING * * *
The angel misses you.
The merfolk impaler hits you from afar with a +3 trident of flaming!
* * * LOW HITPOINT WARNING * * *
The merfolk impaler burns you.
You die...
Hepliaklqana delivers you to your ancestors.

~~~P.....~.~.~~~~...~(~≈.~~~.....
.~~~.....~÷~≈≈~~P.<..~≈≈≈≈~.~..~.
~~.~....~~≈≈≈≈~~~...~~)≈≈≈≈≈~~.~.
≈~.~..~~≈≈≈≈≈≈~#######.~≈≈≈≈≈≈
≈~~.~.≈≈≈≈≈≈~~~#######P.~~≈≈≈≈
≈~~.≈≈)≈≈≈.~..##.....##P.~P.≈≈
≈≈≈≈≈≈≈≈.~.~.##...<...##..~.P~
≈≈P≈≈≈~.)........)R..........~
≈≈≈≈~~)..P......W)†...........
≈≈.~~~..).......AP.)..........
≈≈≈~~)~.....(....mm........
≈≈≈~~.~))...............P..
≈≈≈~~..))..................
≈≈≈~~~.....P.....#m#.......
≈≈≈≈.~..#......###.###.....
≈≈≈≈~~~~#.....##.)...##...
≈≈≈≈~~~.##....#..m....#...


You could see the friendly Kes Myre the battlemage, an angel (strong, ally
target), a merfolk impaler, a merfolk javelineer and a merfolk siren.

Vanquished Creatures
  Nikola (Shoals:2)
  An orc warlord (Orc:2)
  An apis (Shoals:4)
  A dire elephant (Lair:3)
  5 merfolk javelineers
  5 merfolk impalers
  Erolcha (D:12)
  4 vault guards (D:14)
  4 hydras
  A catoblepas (Lair:2)
  3 boulder beetles
  2 alligator snapping turtles
  3 centaur warriors
  2 merfolk aquamancers (Shoals:4)
  5 satyrs
  10 death yaks
  A two-headed ogre (D:7)
  A tengu warrior (D:15)
  An orc high priest (Orc:2)
  A vampire mage (D:15)
  7 skysharks
  A deep elf knight (D:14)
  A storm dragon skeleton (D:15)
  A spark wasp zombie (D:15)
  An arcanist (D:14)
  2 cherubim (Shoals:4)
  10 sea snakes
  5 skeletal warriors (D:15)
  2 deep elf archers (D:14)
  9 harpies
  3 orc knights
  3 deep elf pyromancers
  A necromancer (D:15)
  2 orc sorcerers (Orc:2)
  A cyclops (shapeshifter) (D:14)
  21 fauns
  7 cyclopes
  5 merfolk sirens
  An oklob plant (Lair:4)
  13 manticores
  8 ugly things
  5 kobold blastminers (Orc:2)
  8 elephants (Lair:3)
  2 black mambas (Lair:1)
  13 cane toads
  6 water nymphs
  A gargoyle (D:12)
  2 orange demons (Orc:2)
  4 rime drakes
  2 kobold demonologists
  Jeremiah (D:7)
  A tengu conjurer (D:14)
  6 trolls
  4 komodo dragons
  6 polar bears
  2 hornets (Lair:5)
  6 wind drakes
  10 merfolk
  5 blink frogs
  8 snapping turtles
  4 dream sheep
  9 slime creatures
  A centaur simulacrum (D:12)
  11 spriggans
  2 shadows
  6 water elementals
  6 wyverns
  A human (D:14)
  A yak (shapeshifter) (D:15)
  A wraith (D:11)
  52 yaks
  5 basilisks
  A steam dragon (D:9)
  A warg (Orc:1)
  2 vampire mosquitoes (D:14)
  A death yak simulacrum (IceCv)
  14 water moccasins
  An ice beast (D:12)
  A sky beast (D:6)
  23 orc warriors
  3 black bears
  8 ogres
  4 boggarts (Lair:5)
  6 centaurs
  22 wolves
  A phantom (D:5)
  Blork the orc (Orc:1)
  10 bullfrogs
  2 kobold brigands
  7 scorpions
  4 wights (D:7)
  4 killer bees
  An elephant simulacrum (IceCv)
  2 electric eels
  9 howler monkeys
  A crimson imp (Orc:1)
  4 gnoll boudas
  10 orc priests
  A hound (D:5)
  A jelly (D:7)
  2 sleepcaps
  An iguana (D:4)
  12 orc wizards
  9 hell rats
  2 wolf simulacra (IceCv)
  2 polar bear simulacra (IceCv)
  24 gnolls
  4 adders
  5 shadow imps
  2 white imps
  2 ufetubi (D:5)
  A dart slug (D:2)
  61 orcs
  3 bats
  8 endoplasms
  4 giant cockroaches
  4 goblins
  9 hobgoblins
  12 jackals
  14 kobolds
  3 quokkas
  5 ball pythons
  A frilled lizard (D:2)
  3 rats
686 creatures vanquished.

Vanquished Creatures (collateral kills)
  Gastronok (D:10)
  Snorg (D:12)
  2 merfolk javelineers (Shoals:2)
  3 merfolk impalers
  A vault guard (D:14)
  A boulder beetle (D:13)
  A merfolk aquamancer (Shoals:3)
  A two-headed ogre (D:10)
  2 death yaks
  2 centaur warriors
  An occultist (D:15)
  A deep elf knight (D:14)
  4 sea snakes
  2 skysharks
  5 harpies
  2 oklob plants (Lair:4)
  4 ugly things
  6 fauns
  2 orc sorcerers (Orc:2)
  A salamander (shapeshifter) (D:14)
  4 cyclopes
  3 manticores
  4 merfolk sirens
  8 elephants
  6 cane toads
  3 kobold blastminers (Orc:2)
  2 water nymphs
  2 black mambas
  2 orange demons (Orc:2)
  A kobold demonologist (D:14)
  2 tengu conjurers (D:14)
  5 komodo dragons
  6 merfolk
  2 polar bears
  4 trolls
  A spriggan zombie (D:15)
  2 hornets
  3 blink frogs
  2 snapping turtles
  2 dream sheep
  5 slime creatures
  A centaur simulacrum (D:14)
  A spriggan (Lair:5)
  A vampire (D:11)
  2 wraiths
  4 wyverns
  3 basilisks
  14 yaks
  A vampire mosquito (D:14)
  7 water moccasins
  16 orc warriors
  3 black bears
  A swamp drake (Orc:1)
  4 centaurs
  10 wolves
  A crocodile (shapeshifter) (D:13)
  2 ogres
  5 kobold brigands
  3 bullfrogs
  2 gnoll sergeants (D:10)
  A scorpion (D:7)
  A wight (D:8)
  9 killer bees
  4 howler monkeys
  A bombardier beetle (D:6)
  10 orc priests
  An iron imp (Orc:1)
  6 orc wizards
  5 hell rats
  8 gnolls
  40 orcs
  7 kobolds
286 creatures vanquished.

Vanquished Creatures (others)
  A merfolk javelineer (Shoals:4)
  An orc wizard (Orc:1)
  39 battlemagi
  An ancestor (D:7)
42 creatures vanquished.

Grand Total: 1014 creatures vanquished

Notes
Turn   | Place    | Note
-------+----------+-------------------------------------------
     0 | D:1      | Toastz the Draconian Shapeshifter began the quest for the
                  | Orb.
     0 | D:1      | Reached XP level 1. HP: 16/16 MP: 1/1
   190 | D:1      | Reached XP level 2. HP: 23/23 MP: 2/2
   883 | D:1      | Reached XP level 3. HP: 29/29 MP: 3/3
  1153 | D:2      | Reached XP level 4. HP: 27/36 MP: 4/4
  1523 | D:3      | Reached XP level 5. HP: 9/42 MP: 2/5
  1889 | D:3      | Found Urroc's General Store.
  2245 | D:4      | Found a white marble altar of Elyvilon.
  2489 | D:4      | HP: 2/63 [gnoll bouda/+0 club (3)]
  2782 | D:4      | Found a glowing golden altar of the Shining One.
  3102 | D:4      | Reached skill level 4 in Unarmed Combat
  3102 | D:4      | Reached XP level 6. HP: 25/51 MP: 2/6
  3297 | D:4      | Found a hazy altar of Hepliaklqana.
  3470 | D:4      | Became a worshipper of Hepliaklqana the Forgotten
  3512 | D:5      | Entered Level 5 of the Dungeon
  3639 | D:5      | Reached skill level 5 in Shapeshifting
  3779 | D:5      | Your scales start taking on a dull iron-grey colour.
  3779 | D:5      | Reached XP level 7. HP: 21/57 MP: 3/7
  4577 | D:5      | Found a stormy altar of Qazlal.
  4830 | D:6      | Reached skill level 5 in Unarmed Combat
  4872 | D:6      | Reached XP level 8. HP: 66/67 MP: 8/8
  5369 | D:6      | Reached * piety under Hepliaklqana
  5422 | D:6      | Reached skill level 5 in Fighting
  5629 | D:6      | Found a snail-covered altar of Cheibriados.
  6315 | D:7      | Reached skill level 5 in Dodging
  6315 | D:7      | Reached skill level 6 in Unarmed Combat
  6443 | D:7      | Reached XP level 9. HP: 64/67 MP: 7/9
  6502 | D:7      | Found a staircase to the Ecumenical Temple.
  6660 | D:7      | Reached ** piety under Hepliaklqana
  6661 | D:7      | Remembered your ancestor Kes Myre as a battlemage
  6705 | D:7      | Found Guojeiw's Book Shop.
  6768 | D:7      | Noticed Jeremiah
  6786 | D:7      | Killed Jeremiah
  6961 | Temple   | Entered the Ecumenical Temple
  7009 | D:8      | Found a staircase to the Lair.
  7009 | D:8      | Found Litsuwn's Antique Armour Shop.
  7548 | D:8      | Noticed a two-headed ogre
  7587 | D:7      | Killed a two-headed ogre
  7588 | D:7      | Reached skill level 7 in Unarmed Combat
  7771 | D:8      | Reached XP level 10. HP: 69/77 MP: 10/10
  8030 | D:8      | Found a shimmering altar of Xom.
  8037 | D:8      | Found a basalt altar of Yredelemnul.
  8441 | D:9      | Found a shadowy altar of Dithmenos.
  9051 | D:10     | Entered Level 10 of the Dungeon
  9169 | D:10     | Reached *** piety under Hepliaklqana
  9212 | D:10     | Found a sacrificial altar of Ru.
  9216 | D:10     | Noticed Gastronok
  9335 | Lair:1   | Entered Level 1 of the Lair of Beasts
  9339 | Lair:1   | Found a transporter.
  9377 | Lair:1   | Reached skill level 10 in Shapeshifting
  9384 | Lair:1   | Reached skill level 8 in Unarmed Combat
  9668 | Lair:1   | Noticed a cane toad
  9676 | Lair:1   | Killed a cane toad
  9677 | Lair:1   | Reached XP level 11. HP: 57/85 MP: 7/11
 10138 | Lair:1   | Noticed a death yak
 10139 | Lair:1   | Noticed a death yak
 10139 | Lair:1   | Noticed a death yak
 10139 | Lair:1   | Noticed a death yak
 10219 | Lair:1   | Killed a death yak
 10220 | Lair:1   | Reached skill level 9 in Unarmed Combat
 10224 | Lair:1   | Killed a death yak
 10472 | Lair:1   | Killed a death yak
 10486 | Lair:1   | Killed a death yak
 10688 | Lair:1   | Found a transporter.
 10688 | Lair:1   | Noticed a boulder beetle
 10904 | Lair:2   | Reached skill level 10 in Unarmed Combat
 10940 | Lair:2   | Noticed a six-headed hydra
 10948 | Lair:2   | Killed a six-headed hydra
 11182 | Lair:2   | Reached **** piety under Hepliaklqana
 11196 | Lair:2   | You fall into a shaft and drop 2 floors!
 11358 | Lair:4   | Noticed a skyshark
 11373 | Lair:4   | Killed a skyshark
 11374 | Lair:4   | Reached skill level 1 in Invocations
 11374 | Lair:4   | Reached XP level 12. HP: 81/95 MP: 5/12
 11614 | Lair:3   | Reached skill level 11 in Unarmed Combat
 11695 | Lair:3   | Reached skill level 10 in Fighting
 11944 | Lair:2   | Noticed a death yak
 11946 | Lair:2   | Noticed a death yak
 11947 | Lair:2   | Noticed a death yak
 11950 | Lair:2   | Noticed a death yak
 11952 | Lair:2   | Killed a death yak
 11953 | Lair:2   | Noticed a death yak
 11967 | Lair:2   | Killed a death yak
 11973 | Lair:2   | Killed a death yak
 11981 | Lair:2   | Killed a death yak
 12074 | Lair:2   | Killed a death yak
 12210 | Lair:2   | Noticed an eight-headed hydra
 12211 | Lair:2   | Noticed a catoblepas
 12236 | Lair:2   | Killed a catoblepas
 12237 | Lair:2   | Reached skill level 12 in Unarmed Combat
 12412 | Lair:2   | Killed an eight-headed hydra
 12783 | Lair:2   | Reached ***** piety under Hepliaklqana
 12825 | Lair:2   | Reached XP level 13. HP: 98/103 MP: 14/16
 13370 | Lair:3   | Found a staircase to the Snake Pit.
 13396 | Lair:3   | Reached skill level 5 in Invocations
 13539 | Lair:3   | Noticed a dire elephant
 13566 | Lair:3   | Killed a dire elephant
 13567 | Lair:3   | Reached skill level 13 in Unarmed Combat
 13980 | Lair:3   | Found a staircase to the Shoals.
 14531 | Lair:4   | Reached skill level 10 in Dodging
 14877 | Lair:4   | Found a viscous altar of Jiyva.
 15215 | Lair:4   | Found a staircase to the Slime Pits.
 16085 | Lair:5   | Entered Level 5 of the Lair of Beasts
 16452 | Lair:5   | Reached skill level 14 in Unarmed Combat
 16452 | Lair:5   | Reached XP level 14. HP: 113/113 MP: 17/17
 18486 | D:10     | Reached ****** piety under Hepliaklqana
 18796 | D:10     | Found a staircase to the Orcish Mines.
 18926 | D:10     | Killed Gastronok
 19002 | Orc:1    | Entered Level 1 of the Orcish Mines
 19358 | Orc:1    | Noticed Blork the orc
 19364 | Orc:1    | Killed Blork the orc
 19511 | Orc:1    | Reached skill level 15 in Unarmed Combat
 19724 | Orc:1    | Found a shimmering altar of Xom.
 19842 | Orc:2    | Entered Level 2 of the Orcish Mines
 19842 | Orc:2    | Found a staircase to the Elven Halls.
 19901 | Orc:2    | Paralysed by an orc sorcerer for 4 turns
 20411 | Orc:2    | Found a roughly hewn altar of Beogh.
 20478 | Orc:2    | Found a roughly hewn altar of Beogh.
 20559 | Orc:2    | Found Iniext's Distillery.
 20564 | Orc:2    | Bought a potion of curing for 42 gold pieces
 20564 | Orc:2    | Bought a potion of resistance for 140 gold pieces
 20564 | Orc:2    | Bought 3 potions of magic for 336 gold pieces
 20564 | Orc:2    | Bought a potion of cancellation for 112 gold pieces
 20564 | Orc:2    | Bought 2 potions of haste for 280 gold pieces
 20699 | Orc:2    | Found Qetij's Armour Emporium.
 20707 | Orc:2    | Bought the +3 crown of Dyrovepreva {rElec Int+2 SInv} for
                  | 414 gold pieces
 20707 | Orc:2    | Found the +3 crown of Dyrovepreva {rElec Int+2 SInv}
 20730 | Orc:2    | Found a roughly hewn altar of Beogh.
 20885 | Orc:2    | Found Fihohur's Antique Armour Shoppe.
 20885 | Orc:2    | Noticed an orc warlord
 21354 | Orc:2    | Killed an orc warlord
 21358 | Orc:2    | Reached XP level 15. HP: 121/121 MP: 19/20
 21428 | Orc:2    | Found a roughly hewn altar of Beogh.
 21444 | Orc:2    | Found a roughly hewn altar of Beogh.
 21515 | Orc:2    | Found Kuep's Antique Weapon Emporium.
 21516 | Orc:2    | Found a roughly hewn altar of Beogh.
 21566 | Orc:2    | Found a roughly hewn altar of Beogh.
 21567 | Orc:2    | Found Hecysuva's General Store.
 21756 | D:11     | Found Bosoyx's Assorted Antiques.
 21825 | D:11     | You fall into a shaft and drop 3 floors!
 22098 | D:13     | Found Umpud's Evil Emporium.
 22222 | D:12     | Noticed Erolcha
 22232 | D:12     | Killed Erolcha
 22237 | D:12     | Reached skill level 1 in Evocations
 22296 | D:12     | Noticed Snorg
 22304 | D:12     | Killed Snorg
 22581 | D:12     | Found a frozen archway.
 22608 | IceCv    | Entered an ice cave
 22738 | IceCv    | Found a transporter.
 22751 | IceCv    | Found a transporter.
 23362 | D:11     | Reached skill level 16 in Unarmed Combat
 24362 | D:13     | Identified the beast talisman of Distant Worlds {Dex+4
                  | Stlth+}
 25220 | D:14     | Found a gate to the Vaults.
 25624 | D:14     | Found a sacrificial altar of Ru.
 25812 | D:15     | Entered Level 15 of the Dungeon
 25876 | D:15     | Found a staircase to the Depths.
 26785 | D:15     | Reached XP level 16. HP: 131/131 MP: 21/21
 27388 | Snake:1  | Entered Level 1 of the Snake Pit
 27467 | Shoals:1 | Entered Level 1 of the Shoals
 27571 | Shoals:1 | Reached skill level 17 in Unarmed Combat
 27740 | Shoals:1 | Found Nefet's Assorted Antiques.
 27750 | Shoals:1 | Bought a twisted brass amulet for 150 gold pieces
 27750 | Shoals:1 | Bought a potion of haste for 300 gold pieces
 27949 | Shoals:1 | Reached skill level 5 in Evocations
 28957 | Shoals:2 | Noticed Nikola
 28972 | Shoals:2 | Killed Nikola
 30350 | Shoals:3 | Reached skill level 18 in Unarmed Combat
 30765 | Shoals:3 | Reached skill level 15 in Fighting
 30790 | Shoals:3 | Noticed Mlioglotl
 30819 | Shoals:3 | Noticed a tentacled starspawn
 30895 | Shoals:3 | Reached XP level 17. HP: 97/140 MP: 19/22
 31569 | Shoals:4 | Entered Level 4 of the Shoals
 31588 | Shoals:2 | HP: 6/140 [sea snake (11)]
 32420 | Shoals:4 | Found a glowing golden altar of the Shining One.
 32600 | Shoals:4 | Identified the +1 quarterstaff of Excruciating Pain {holy,
                  | rPois Str+2}
 32803 | Shoals:4 | Found a glowing silver altar of Zin.
 32968 | Shoals:4 | HP: 1/140 [merfolk impaler/+3 trident of flaming (9)]
 32968 | Shoals:4 | Slain by a merfolk impaler

Illustrated notes

Levels and vault maps discovered:
D:1:      matt_arrival_los_fun, layout_basic
D:2:      layout_rooms
D:3:      layout_loops_ring, serial_shops, shop
D:4:      layout_loops_ring, nicolae_elyvilon_temple_path,
          nicolae_hepliaklqana_hazy_memory, mainiacjoe_overflow_alcove_2
D:5:      layout_loops_ring, lemuel_tele_altar
D:6:      layout_basic, slow_altar_2, kennysheep_boxes
D:7:      layout_loops_ring, minmay_temple_entry_poolview, serial_shops,
          nicolae_book_shop_shelving, uniq_jeremiah
D:8:      layout_rooms, jmf_multi_god_temple, lair_entry_dummy, serial_curves,
          eino_curves_01, eino_curves_03, serial_shops, shop_statue
D:9:      layout_loops_ring, lemuel_round_altar
D:10:     layout_irregular_city, mainiacjoe_overflow_paths,
          kennysheep_orc_monster_closet_entryway, kennysheep_minor_cross,
          uniq_gastronok
D:11:     layout_rooms, serial_shops, shop, nrook_loot_triangle
D:12:     layout_roguey, serial_ice, serial_ice_e, serial_ice_m, serial_ice_c,
          serial_ice_n, portal_ice_cave_entry_pillars_1, uniq_snorg,
          uniq_erolcha
D:13:     layout_layer_cave, nicolae_evil_shop
D:14:     layout_cave_pools, grunt_vaults_entry_fortified,
          nicolae_ru_path_of_blood, corexii_corridor_pit,
          minmay_fractal_squares_gapless_7
D:15:     gammafunk_depths_entry_grave, layout_gridville
Temple:   dshaligram_water_room_temple
Lair:1:   gammafunk_boulding_lane, layout_chaotic_city
Lair:2:   nzn_winding_woodlands_stair_trap [nzn_winding_woodlands_5x15_pool,
          nzn_winding_woodlands_5x15_garden, nzn_winding_woodlands_5x15_crooked,
          nzn_winding_woodlands_15x15_five_gardens,
          nzn_winding_woodlands_5x15_longhouse,
          nzn_winding_woodlands_5x15_lazy_stream,
          nzn_winding_woodlands_5x15_cabin], layout_regular_city
Lair:3:   mu_elephants_graveyard, layout_gridlike,
          mainiacjoe_shoals_entry_four_pools
Lair:4:   layout_concentric_octagons, minmay_slime_entry_oklob_enclosed,
          grunt_megastairs_2, serial_bayou_shore_a
Lair:5:   minmay_lair_end_enchanted_forest, layout_cave_pods
Shoals:1: layout_shoals, serial_shops, nicolae_lakefront_shop
Shoals:2: cheibrodos_shoals_epimethial_gifts, layout_shoals, uniq_nikola
Shoals:3: layout_shoals, uniq_mlioglotl
Shoals:4: shoals_end_hellmonk_holy_island
Snake:1:  layout_layer_cave
Orc:1:    layout_caves, basic_altar, hangedman_minor_magic
Orc:2:    grunt_orc_community_town_hall, layout_caves,
          grunt_orc_community_big_house_1, grunt_orc_community_big_house_2,
          grunt_orc_community_house_2, grunt_orc_community_house_2,
          grunt_orc_community_house_2, grunt_orc_community_house_1,
          grunt_orc_community_house_2, serial_shops, shop,
          einodemon_barbed_minivault

Skill      XL: |  1  2  3  4  5  6  7  8  9 10 11 12 13 14 15 16 17 |
---------------+----------------------------------------------------+-----
Dodging        | 2 3 4 5 6 7 8 9 10 11 12 13 | 13.3
Fighting       | 2 3 4 5 7 8 9 10 12 13 14 15 | 15.5
Shapeshifting  | 4 5 6 7 9 10 11 12 13 14 | 14.8
Unarmed Combat | 4 5 6 7 8 10 12 14 15 16 18 | 18.8
Invocations    | 1 4 5 6 7 |  7.0
Evocations     | 4 5 |  5.0

Action                     |  1- 3 |  4- 6 |  7- 9 | 10-12 | 13-15 | 16-18 || total
---------------------------+-------+-------+-------+-------+-------+-------++-------
  Melee: Unarmed           |   106 |   137 |   288 |   341 |  1089 |   567 ||  2528
         Tailslap          |    18 |    25 |    54 |    65 |   193 |   105 ||   460
         Punch             |     3 |    10 |     9 |    18 |    92 |       ||   132
         Maw               |       |       |       |    99 |   410 |   236 ||   745
  Throw: Boomerang         |       |       |     2 |       |       |       ||     2
         Javelin           |       |       |       |       |       |     1 ||     1
 Invoke: Ancestor Identity |       |       |     1 |       |       |       ||     1
         Ancestor Life: Ba |       |       |     1 |       |       |       ||     1
         Recall Ancestor   |       |       |       |     4 |     1 |     1 ||     6
         Idealise          |       |       |       |       |     4 |     2 ||     6
Ability: Mud Breath        |       |       |     3 |     3 |     2 |     2 ||    10
  Evoke: Wand              |       |       |     9 |     4 |    23 |     7 ||    43
    Use: Scroll            |       |     5 |       |    11 |     9 |     5 ||    30
         Potion            |       |     1 |     4 |     1 |     4 |     1 ||    11
   Stab: Sleeping          |       |     1 |       |     1 |     1 |     1 ||     4
         Distracted        |       |       |       |    11 |    11 |     6 ||    28
 Armour: Skin              |    52 |    91 |   198 |   245 |   908 |   533 ||  2027
  Dodge: Dodged            |    96 |    84 |   213 |   239 |   922 |   410 ||  1964
  Block: Buckler           |       |       |       |       |     9 |    92 ||   101
   Form: Flux              |       |       |     1 |     1 |       |       ||     2
         Maw               |       |       |       |     2 |     1 |       ||     3
         Serpent           |       |       |       |       |     1 |       ||     1

Table legend: (Time is in decaauts)
 A = Elapsed time spent in this place.
 B = Non-inter-level travel time spent in this place.
 C = Inter-level travel time spent in this place.
 D = Time resting spent in this place.
 E = Time spent auto-exploring this place.
 F = Levels seen in this place.
 G = Mean time per level.
                   A        B        C        D        E       F      G
               +--------+--------+--------+--------+--------+-----+--------+
         Total |  32521 |  30976 |   1545 |   9346 |  15852 |  29 | 1121.4 |
       Dungeon |  15324 |  14469 |    855 |   3452 |   8540 |  15 | 1021.6 |
        Temple |      1 |      1 |      0 |      0 |      0 |   1 |    1.0 |
          Lair |   8790 |   8277 |    513 |   2914 |   3744 |   5 | 1758.0 |
        Shoals |   5348 |   5254 |     94 |   1965 |   2200 |   4 | 1337.0 |
     Snake Pit |      1 |      0 |      1 |      0 |      0 |   1 |    1.0 |
  Orcish Mines |   2643 |   2563 |     80 |    669 |   1365 |   2 | 1321.5 |
      Ice Cave |    411 |    411 |      0 |    345 |      3 |   1 |  411.0 |
               +--------+--------+--------+--------+--------+-----+--------+

Top non-repeatable levels by time:
  Lair:4: 2004 daAuts
  Lair:1: 1852 daAuts
  Lair:5: 1785 daAuts
Shoals:2: 1770 daAuts
     D:7: 1626 daAuts
  Lair:2: 1601 daAuts
  Lair:3: 1547 daAuts
   Orc:2: 1505 daAuts
     D:5: 1491 daAuts
Shoals:3: 1457 daAuts
    D:14: 1412 daAuts
     D:4: 1389 daAuts
Shoals:1: 1368 daAuts
    D:13: 1319 daAuts
   Orc:1: 1137 daAuts
